Workbook
Name abrégé: OFFSET(tarifs!$C$3,,,ROWS(colj))
Name colb: OFFSET(tarifs!$B$3,,,ROWS(colj))
Name colj: OFFSET(tarifs!$M$3,,,COUNTIF(tarifs!$M:$M,"><"))
Name dept: tarifs!$C$2
Name Expedition: #REF!
Name FactureNom: #REF!
Name liste1: OFFSET(param!$A$2,,,COUNTIF(param!$A:$A,"><")-1)
Name NomSociété: #REF!
Name quantité: tarifs!$G$2:$L$2
Name RechercheClient: #REF!
Name SousTotalFacture: #REF!
Name tarif: OFFSET(tarifs!$G$3:$L$3,,,ROWS(colj))
Name TauxTVA: #REF!
Name TVA: #REF!
Name Versement: #REF!

Sheet tarifs
B2: description complète produit | C2: abrégé | D2: 50 | E2: 100 | F2: 200 | G2: 300 | H2: 500 | I2: 1000 | J2: 2000 | K2: 3000 | L2: 5000
B3: boitier cristal CD rondelle quadri + livret 4 faces quadri avec jacquette deux faces quadri et plateau transparent Cello transport | C3: boitier cristal livret 4 faces | D3: 0 | E3: 0 | F3: 0 | G3: 350 | H3: 416 | I3: 575 | J3: 1000 | K3: 1500 | L3: 2192 | M3: {=LEFT(B3,SEARCH(" ",B3,SMALL(IF(MID(B3,ROW($1:$27),1)=" ",ROW($1:$27),""),2)))} -> boitier cristal
B4: boitier cristal CD rondelle quadri + livret 6 faces pli roulé quadri avec jacquette deux faces quadri et plateau transparent Cello transport | C4: livret 6 faces pli roulé | D4: 0 | E4: 0 | F4: 0 | G4: 400 | H4: 433 | I4: 633 | J4: 1200 | K4: 1658 | L4: 2392 | M4: {=LEFT(B4,SEARCH(" ",B4,SMALL(IF(MID(B4,ROW($1:$27),1)=" ",ROW($1:$27),""),2)))} -> boitier cristal
B5: boitier cristal CD rondelle quadri + livret 8 faces quadri avec jacquette deux faces quadri et plateau transparent Cello transport | C5: boitier cristal livret 8 faces | D5: 0 | E5: 0 | F5: 0 | G5: 408 | H5: 450 | I5: 678 | J5: 1283 | K5: 1775 | L5: 2500 | M5: {=LEFT(B5,SEARCH(" ",B5,SMALL(IF(MID(B5,ROW($1:$27),1)=" ",ROW($1:$27),""),2)))} -> boitier cristal
B6: boitier cristal CD rondelle quadri + livret 8 faces poster quadri avec jacquette deux faces quadri et plateau transparent Cello transport | C6: boitier cristal livret 8 faces poster | D6: 0 | E6: 0 | F6: 0 | G6: 558 | H6: 642 | I6: 758 | J6: 1300 | K6: 1784 | L6: 2572 | M6: {=LEFT(B6,SEARCH(" ",B6,SMALL(IF(MID(B6,ROW($1:$27),1)=" ",ROW($1:$27),""),2)))} -> boitier cristal
B7: boitier cristal CD rondelle quadri + livret 12 faces quadri avec jacquette deux faces quadri et plateau transparent Cello transport | C7: boitier cristal livret 12 faces | D7: 0 | E7: 0 | F7: 0 | G7: 423 | H7: 467 | I7: 704 | J7: 1325 | K7: 1825 | L7: 2667 | M7: {=LEFT(B7,SEARCH(" ",B7,SMALL(IF(MID(B7,ROW($1:$27),1)=" ",ROW($1:$27),""),2)))} -> boitier cristal
B8: boitier cristal CD rondelle quadri + livret 16 faces quadri avec jacquette deux faces quadri et plateau transparent Cello transport | C8: boitier cristal livret 16 faces | D8: 0 | E8: 0 | F8: 0 | G8: 442 | H8: 483 | I8: 733 | J8: 1417 | K8: 1992 | L8: 2850 | M8: {=LEFT(B8,SEARCH(" ",B8,SMALL(IF(MID(B8,ROW($1:$27),1)=" ",ROW($1:$27),""),2)))} -> boitier cristal
B9: boitier cristal CD rondelle quadri + livret 20 faces quadri avec jacquette deux faces quadri et plateau transparent Cello transport | C9: boitier cristal livret 20 faces | D9: 0 | E9: 0 | F9: 0 | G9: 466 | H9: 504 | I9: 767 | J9: 1567 | K9: 2134 | L9: 3062 | M9: {=LEFT(B9,SEARCH(" ",B9,SMALL(IF(MID(B9,ROW($1:$27),1)=" ",ROW($1:$27),""),2)))} -> boitier cristal
B10: MINT PACK Produit imprimé tout en quadri, tranche intérieure comprise, rondelle de CD quadri Cello transport | C10: MINT PACK | D10: 0 | E10: 0 | F10: 0 | G10: 555 | H10: 638 | I10: 914 | J10: 1368 | K10: 1653 | L10: 2297 | M10: {=LEFT(B10,SEARCH(" ",B10,SMALL(IF(MID(B10,ROW($1:$27),1)=" ",ROW($1:$27),""),2)))} -> MINT PACK
B11: BOITIER DVD AVEC CD Boitier DVD CD rondelle quadri avec jacquette deux faces quadri et plateau transparent Cello transport | C11: Boitier DVD CD | D11: 0 | E11: 0 | F11: 0 | G11: 488 | H11: 571 | I11: 667 | J11: 1183 | K11: 1542 | L11: 2375 | M11: {=LEFT(B11,SEARCH(" ",B11,SMALL(IF(MID(B11,ROW($1:$27),1)=" ",ROW($1:$27),""),2)))} -> BOITIER DVD
A12: P2 | B12: boitier DVD CD rondelle quadri + Avec plateau transparent avec livret 4 faces quadri et jacquette deux faces quadri Cello et transport | C12: boitier DVD CD livret 4 faces | D12: 0 | E12: 0 | F12: 0 | G12: 515 | H12: 598 | I12: 704 | J12: 1236 | K12: 1665 | L12: 2522 | M12: {=LEFT(B12,SEARCH(" ",B12,SMALL(IF(MID(B12,ROW($1:$27),1)=" ",ROW($1:$27),""),2)))} -> boitier DVD
B13: boitier DVD CD rondelle quadri + Avec plateau transparent avec livret 8 faces quadri et jacquette deux faces quadri Cello et transport | C13: boitier DVD CD livret 8 faces | D13: 0 | E13: 0 | F13: 0 | G13: 580 | H13: 663 | I13: 868 | J13: 1376 | K13: 1874 | L13: 2821 | M13: {=LEFT(B13,SEARCH(" ",B13,SMALL(IF(MID(B13,ROW($1:$27),1)=" ",ROW($1:$27),""),2)))} -> boitier DVD
B14: boitier DVD CD rondelle quadri + Avec plateau transparent avec livret 12 faces quadri et jacquette deux faces quadri Cello et transport | C14: boitier DVD CD livret 12 faces | D14: 0 | E14: 0 | F14: 0 | G14: 629 | H14: 713 | I14: 917 | J14: 1436 | K14: 1904 | L14: 2871 | M14: {=LEFT(B14,SEARCH(" ",B14,SMALL(IF(MID(B14,ROW($1:$27),1)=" ",ROW($1:$27),""),2)))} -> boitier DVD
B15: boitier DVD CD rondelle quadri + Avec plateau transparent avec livret 16 faces quadri et jacquette deux faces quadri Cello et transport | C15: boitier DVD CD livret 16 faces | D15: 0 | E15: 0 | F15: 0 | G15: 694 | H15: 778 | I15: 997 | J15: 1555 | K15: 2083 | L15: 3119 | M15: {=LEFT(B15,SEARCH(" ",B15,SMALL(IF(MID(B15,ROW($1:$27),1)=" ",ROW($1:$27),""),2)))} -> boitier DVD
B16: boitier DVD CD rondelle quadri + Avec plateau transparent avec livret 20 faces quadri et jacquette deux faces quadri Cello et transport | C16: boitier DVD CD livret 20 faces | D16: 0 | E16: 0 | F16: 0 | G16: 714 | H16: 798 | I16: 1017 | J16: 1574 | K16: 2143 | L16: 3219 | M16: {=LEFT(B16,SEARCH(" ",B16,SMALL(IF(MID(B16,ROW($1:$27),1)=" ",ROW($1:$27),""),2)))} -> boitier DVD
B17: CD superjewel box avec plateau transparent livret 4 faces quadri et jacquette deux faces quadri Cello et transport | C17: CD superjewel box livret 4 faces | D17: 0 | E17: 0 | F17: 0 | G17: 658 | H17: 742 | I17: 833 | J17: 1667 | K17: 2233 | L17: 3408 | M17: {=LEFT(B17,SEARCH(" ",B17,SMALL(IF(MID(B17,ROW($1:$27),1)=" ",ROW($1:$27),""),2)))} -> CD superjewel
B18: CD superjewel box avec plateau transparent livret 6 faces pli roulé quadri et jacquette deux faces quadri Cello et transport | C18: CD superjewel box livret 6 faces | D18: 0 | E18: 0 | F18: 0 | G18: 713 | H18: 797 | I18: 1000 | J18: 1750 | K18: 2333 | L18: 3625 | M18: {=LEFT(B18,SEARCH(" ",B18,SMALL(IF(MID(B18,ROW($1:$27),1)=" ",ROW($1:$27),""),2)))} -> CD superjewel
B19: CD superjewel box avec plateau transparent livret 8 faces quadri et jacquette deux faces quadri Cello et transport | C19: CD superjewel box livret 8 faces | D19: 0 | E19: 0 | F19: 0 | G19: 733 | H19: 817 | I19: 1042 | J19: 1814 | K19: 2517 | L19: 3783 | M19: {=LEFT(B19,SEARCH(" ",B19,SMALL(IF(MID(B19,ROW($1:$27),1)=" ",ROW($1:$27),""),2)))} -> CD superjewel
B20: CD superjewel box avec plateau transparent livret 12 faces quadri et jacquette deux faces quadri Cello et transport | C20: CD superjewel box livret 12 faces | D20: 0 | E20: 0 | F20: 0 | G20: 758 | H20: 842 | I20: 1083 | J20: 1850 | K20: 2600 | L20: 3992 | M20: {=LEFT(B20,SEARCH(" ",B20,SMALL(IF(MID(B20,ROW($1:$27),1)=" ",ROW($1:$27),""),2)))} -> CD superjewel
B21: CD superjewel box avec plateau transparent livret 16 faces quadri et jacquette deux faces quadri Cello et transport | C21: CD superjewel box livret 16 faces | D21: 0 | E21: 0 | F21: 0 | G21: 792 | H21: 875 | I21: 1150 | J21: 1958 | K21: 2717 | L21: 4063 | M21: {=LEFT(B21,SEARCH(" ",B21,SMALL(IF(MID(B21,ROW($1:$27),1)=" ",ROW($1:$27),""),2)))} -> CD superjewel
B22: Pochette cartonnée CD | C22: Pochette cartonnée CD | D22: 0 | E22: 0 | F22: 0 | G22: 258 | H22: 267 | I22: 350 | J22: 642 | K22: 992 | L22: 1483 | M22: {=LEFT(B22,SEARCH(" ",B22,SMALL(IF(MID(B22,ROW($1:$27),1)=" ",ROW($1:$27),""),2)))} -> Pochette cartonnée
A23: P3 | B23: Pochette cartonnée deux faces quadri avec insertion de Flyer quadri deux faces (125x128mm) Cello - Glassmastering - Livraison | C23: pochette cartonnée insert flyer | D23: 0 | E23: 0 | F23: 0 | G23: 380 | H23: 358 | I23: 558 | J23: 992 | K23: 1286 | L23: 1737 | M23: {=LEFT(B23,SEARCH(" ",B23,SMALL(IF(MID(B23,ROW($1:$27),1)=" ",ROW($1:$27),""),2)))} -> Pochette cartonnée
B24: Pochette cartonnée DVD5 avec rondelle quadri + deux faces quadri cello Transport | C24: pochette cartonnée + DVDS | D24: 0 | E24: 0 | F24: 0 | G24: 350 | H24: 433 | I24: 625 | J24: 1042 | K24: 1375 | L24: 1767 | M24: {=LEFT(B24,SEARCH(" ",B24,SMALL(IF(MID(B24,ROW($1:$27),1)=" ",ROW($1:$27),""),2)))} -> Pochette cartonnée
B25: CD DVD avec rondelle quadri Boitier cristal plateau transparent livret 4 faces quadri Jacquette deux quadri - Cello et transport | C25: CD + DVD + livrets 4 faces | D25: 0 | E25: 0 | F25: 0 | G25: 754 | H25: 838 | I25: 1058 | J25: 1854 | K25: 2592 | L25: 3967 | M25: {=LEFT(B25,SEARCH(" ",B25,SMALL(IF(MID(B25,ROW($1:$27),1)=" ",ROW($1:$27),""),2)))} -> CD DVD
B26: CD DVD avec rondelle quadri Boitier cristal plateau transparent livret 8 faces quadri Jacquette deux quadri - Cello et transport | C26: CD + DVD + livrets 8 faces | D26: 0 | E26: 0 | F26: 0 | G26: 808 | H26: 892 | I26: 1142 | J26: 2073 | K26: 2831 | L26: 4117 | M26: {=LEFT(B26,SEARCH(" ",B26,SMALL(IF(MID(B26,ROW($1:$27),1)=" ",ROW($1:$27),""),2)))} -> CD DVD
B27: CD DVD avec rondelle quadri Boitier cristal plateau transparent livret 12 faces quadri Jacquette deux quadri - Cello et transport | C27: CD + DVD + livrets 12 faces | D27: 0 | E27: 0 | F27: 0 | G27: 848 | H27: 932 | I27: 1246 | J27: 2153 | K27: 2920 | L27: 4416 | M27: {=LEFT(B27,SEARCH(" ",B27,SMALL(IF(MID(B27,ROW($1:$27),1)=" ",ROW($1:$27),""),2)))} -> CD DVD
B28: CD DVD avec rondelle quadri Boitier cristal plateau transparent livret 16 faces quadri Jacquette deux quadri - Cello et transport | C28: CD + DVD + livrets 16 faces | D28: 0 | E28: 0 | F28: 0 | G28: 908 | H28: 992 | I28: 1325 | J28: 2213 | K28: 3040 | L28: 4615 | M28: {=LEFT(B28,SEARCH(" ",B28,SMALL(IF(MID(B28,ROW($1:$27),1)=" ",ROW($1:$27),""),2)))} -> CD DVD
B29: CD DVD avec rondelle quadri Boitier cristal plateau transparent livret 20 faces quadri Jacquette deux quadri - Cello et transport | C29: CD + DVD + livrets 20 faces | D29: 0 | E29: 0 | F29: 0 | G29: 933 | H29: 1017 | I29: 1396 | J29: 2373 | K29: 3189 | L29: 4814 | M29: {=LEFT(B29,SEARCH(" ",B29,SMALL(IF(MID(B29,ROW($1:$27),1)=" ",ROW($1:$27),""),2)))} -> CD DVD
B30: 4 CDS avec rondelle quadri boitier DVDS avec jacquette quadri 4/4 Glassmastering Cellon Transport | C30: 4 CDS BOITIER DVDS | D30: 0 | E30: 0 | F30: 0 | G30: 1058 | H30: 1142 | I30: 2083 | J30: 3821 | K30: 5277 | L30: 8908 | M30: {=LEFT(B30,SEARCH(" ",B30,SMALL(IF(MID(B30,ROW($1:$27),1)=" ",ROW($1:$27),""),2)))} -> 4 CDS
B31: CD RONDELLE QUADRI DANS UNE POCHETTE PLASTIQUE AVEC RABAT Non autocollant Cello Transport | C31: CD rondelle quadri | D31: 0 | E31: 0 | F31: 0 | G31: 233 | H31: 300 | I31: 350 | J31: 617 | K31: 833 | L31: 1242 | M31: {=LEFT(B31,SEARCH(" ",B31,SMALL(IF(MID(B31,ROW($1:$27),1)=" ",ROW($1:$27),""),2)))} -> CD RONDELLE
B32: SPINDLE CDS rondelle quadri Transport | C32: CDS et DVDS SPINDLE | D32: 0 | E32: 0 | F32: 0 | G32: 233 | H32: 267 | I32: 342 | J32: 533 | K32: 723 | L32: 1000 | M32: {=LEFT(B32,SEARCH(" ",B32,SMALL(IF(MID(B32,ROW($1:$27),1)=" ",ROW($1:$27),""),2)))} -> SPINDLE CDS
B33: SPINDLE DVDS 5 + rondelle quadri + Transport | C33: SPINDLE DVDS 5 | D33: 0 | E33: 0 | F33: 0 | G33: 267 | H33: 333.33333 | I33: 458.33333 | J33: 847.5 | K33: 1108.3333 | L33: 1666.6667 | M33: {=LEFT(B33,SEARCH(" ",B33,SMALL(IF(MID(B33,ROW($1:$27),1)=" ",ROW($1:$27),""),2)))} -> SPINDLE DVDS
B34: SPINDLE DVDS 9 rondelle quadri Transport | C34: SPINDLE DVDS 9 | D34: 0 | E34: 0 | F34: 0 | G34: 413 | H34: 479.16667 | I34: 588.33333 | J34: 867.5 | K34: 1141.6667 | L34: 1675 | M34: {=LEFT(B34,SEARCH(" ",B34,SMALL(IF(MID(B34,ROW($1:$27),1)=" ",ROW($1:$27),""),2)))} -> SPINDLE DVDS
B35: Double CD rondelle quadri + livret 4 faces quadri avec jacquette deux faces quadri et cd plateau transparent - cello Transport | C35: BOITIER CRISTAL AVEC 2 CD + livret 4 | D35: 0 | E35: 0 | F35: 0 | G35: 621 | H35: 704.16667 | I35: 850 | J35: 1558.3333 | K35: 2141.6667 | L35: 3241.6667 | M35: {=LEFT(B35,SEARCH(" ",B35,SMALL(IF(MID(B35,ROW($1:$27),1)=" ",ROW($1:$27),""),2)))} -> Double CD
... B43: CD Slimbox avec livret 8 faces quadri Cello Transport | C43: SLIMBOX + CD + livret 8 | D43: 0 | E43: 0 | F43: 0 | G43: 445.83333 | H43: 529.16667 | I43: 728.33333 | J43: 1186.6667 | K43: 1625 | L43: 2312.5 | M43: {=LEFT(B43,SEARCH(" ",B43,SMALL(IF(MID(B43,ROW($1:$27),1)=" ",ROW($1:$27),""),2)))} -> CD Slimbox
A44: p5 | B44: CD Slimbox avec livret 12 faces quadri Cello Transport | C44: SLIMBOX + CD + livret 12 | D44: 0 | E44: 0 | F44: 0 | G44: 465 | H44: 548.33333 | I44: 777.5 | J44: 1186.6667 | K44: 1715 | L44: 2511.6667 | M44: {=LEFT(B44,SEARCH(" ",B44,SMALL(IF(MID(B44,ROW($1:$27),1)=" ",ROW($1:$27),""),2)))} -> CD Slimbox
B45: Digipack 4 faces quadri avec CD rondelle quadri Plateau transparent Cello Transport | C45: DIGIPACK 4 FACES QUADRI + CD | D45: 0 | E45: 0 | F45: 0 | G45: 550 | H45: 575 | I45: 725 | J45: 1208.3333 | K45: 1535.8333 | L45: 2375 | M45: {=LEFT(B45,SEARCH(" ",B45,SMALL(IF(MID(B45,ROW($1:$27),1)=" ",ROW($1:$27),""),2)))} -> Digipack 4
B46: Digipack 4 faces livret 4 faces quadri Plateau transparent avec CD rondelle quadri Cello Transport | C46: DIGIPACK 4 FACES + CD + livret 4 | D46: 0 | E46: 0 | F46: 0 | G46: 583.33333 | H46: 625 | I46: 866.66667 | J46: 1429.1667 | K46: 1804.1667 | L46: 2720 | M46: {=LEFT(B46,SEARCH(" ",B46,SMALL(IF(MID(B46,ROW($1:$27),1)=" ",ROW($1:$27),""),2)))} -> Digipack 4
B47: Digipack 4 faces livret 6 faces pli roulé Plateau transparent avec CD rondelle quadri Cello Transport | C47: DIGIPACK 4 FACES + CD + livret 6 | D47: 0 | E47: 0 | F47: 0 | G47: 591.66667 | H47: 637.5 | I47: 983.33333 | J47: 1454.1667 | K47: 1825 | L47: 2758.3333 | M47: {=LEFT(B47,SEARCH(" ",B47,SMALL(IF(MID(B47,ROW($1:$27),1)=" ",ROW($1:$27),""),2)))} -> Digipack 4
B48: Digipack 4 faces + livret 8 faces quadri Plateau transparent avec CD rondelle quadri Cello Transport | C48: DIGIPACK 4 FACES + CD + livret 8 | D48: 0 | E48: 0 | F48: 0 | G48: 633.33333 | H48: 683.33333 | I48: 925 | J48: 1500.8333 | K48: 1948.3333 | L48: 2908.3333 | M48: {=LEFT(B48,SEARCH(" ",B48,SMALL(IF(MID(B48,ROW($1:$27),1)=" ",ROW($1:$27),""),2)))} -> Digipack 4
B49: Digipack 4 faces + livret 12 faces quadri Plateau transparent avec CD rondelle quadri Cello Transport | C49: DIGIPACK 4 FACES + CD + livret 12 | D49: 0 | E49: 0 | F49: 0 | G49: 658.33333 | H49: 774.16667 | I49: 950 | J49: 1566.6667 | K49: 2050 | L49: 3125 | M49: {=LEFT(B49,SEARCH(" ",B49,SMALL(IF(MID(B49,ROW($1:$27),1)=" ",ROW($1:$27),""),2)))} -> Digipack 4
B50: Digipack 4 faces + livret 16 faces quadri Plateau transparent avec CD rondelle quadri Cello Transport | C50: DIGIPACK 4 FACES + CD + livret 16 | D50: 0 | E50: 0 | F50: 0 | G50: 741.66667 | H50: 825 | I50: 1041.6667 | J50: 1675 | K50: 2190.8333 | L50: 3323.3333 | M50: {=LEFT(B50,SEARCH(" ",B50,SMALL(IF(MID(B50,ROW($1:$27),1)=" ",ROW($1:$27),""),2)))} -> Digipack 4
B51: Digipack 4 faces + livret 4 faces quadri Plateau transparent (offert) avec CD rondelle quadri - Cello Transport | C51: DIGIPACK 4 FACES QUADRI + CD + livret 4 insertion type digisleeve | D51: 0 | E51: 0 | F51: 0 | G51: 575 | H51: 625 | I51: 866.66667 | J51: 1429.1667 | K51: 1804.1667 | L51: 2720 | M51: {=LEFT(B51,SEARCH(" ",B51,SMALL(IF(MID(B51,ROW($1:$27),1)=" ",ROW($1:$27),""),2)))} -> Digipack 4
B52: Digipack 4 faces + livret 6 faces quadri Plateau transparent (offert) avec CD rondelle quadri - Cello Transport | C52: DIGIPACK 4 FACES QUADRI + CD + livret 6 insertion type digisleeve | D52: 0 | E52: 0 | F52: 0 | G52: 591.66667 | H52: 637.5 | I52: 900 | J52: 1454.1667 | K52: 1825 | L52: 2758.3333 | M52: {=LEFT(B52,SEARCH(" ",B52,SMALL(IF(MID(B52,ROW($1:$27),1)=" ",ROW($1:$27),""),2)))} -> Digipack 4
B53: Digipack 4 faces + livret 8 faces quadri Plateau transparent (offert) avec CD rondelle quadri - Cello Transport | C53: DIGIPACK 4 FACES QUADRI + CD + livret 8 insertion type digisleeve | D53: 0 | E53: 0 | F53: 0 | G53: 633.33333 | H53: 683.33333 | I53: 925 | J53: 1500.8333 | K53: 1948.3333 | L53: 2908.3333 | M53: {=LEFT(B53,SEARCH(" ",B53,SMALL(IF(MID(B53,ROW($1:$27),1)=" ",ROW($1:$27),""),2)))} -> Digipack 4
B54: Digipack 4 faces + livret 12 faces quadri Plateau transparent (offert) avec CD rondelle quadri - Cello Transport | C54: DIGIPACK 4 FACES QUADRI + CD + livret 12 insertion type digisleeve | D54: 0 | E54: 0 | F54: 0 | G54: 658.33333 | H54: 774.16667 | I54: 950 | J54: 1566.6667 | K54: 2050 | L54: 3125 | M54: {=LEFT(B54,SEARCH(" ",B54,SMALL(IF(MID(B54,ROW($1:$27),1)=" ",ROW($1:$27),""),2)))} -> Digipack 4
B55: Digipack 4 faces + livret 16 faces quadri Plateau transparent (offert) avec CD rondelle quadri Cello Transport | C55: DIGIPACK 4 FACES + CD + livret insertion type digisleeve | D55: 0 | E55: 0 | F55: 0 | G55: 741.66667 | H55: 825 | I55: 1041.6667 | J55: 1675 | K55: 2190.8333 | L55: 3323.3333 | M55: {=LEFT(B55,SEARCH(" ",B55,SMALL(IF(MID(B55,ROW($1:$27),1)=" ",ROW($1:$27),""),2)))} -> Digipack 4
B56: Digipack 6 faces quadri plateau transparent avec CD rondelle quadri (au centre ou à droite)+ Cello Transport | C56: DIGIPACK 6 FACES QUADRI + CD sans livret | D56: 0 | E56: 0 | F56: 0 | G56: 611.66667 | H56: 666.66667 | I56: 941.66667 | J56: 1333.3333 | K56: 2083.3333 | L56: 3000 | M56: {=LEFT(B56,SEARCH(" ",B56,SMALL(IF(MID(B56,ROW($1:$27),1)=" ",ROW($1:$27),""),2)))} -> Digipack 6
... B65: Digifile 4 faces + livret 12 faces quadri avec CD rondelle quadri Cello Transport | C65: DIGIFILE 4 FACES QUADRI + CD avec livret 12 | D65: 0 | E65: 0 | F65: 0 | G65: 675 | H65: 758.33333 | I65: 1075 | J65: 1529.1667 | K65: 2183.3333 | L65: 3111.6667 | M65: {=LEFT(B65,SEARCH(" ",B65,SMALL(IF(MID(B65,ROW($1:$27),1)=" ",ROW($1:$27),""),2)))} -> Digifile 4
A66: P7 | B66: Digifile 4 faces quadri avec 2 CDS rondelles quadri Cello Transport | C66: Digifile 4 faces 2 CDS | D66: 0 | E66: 0 | F66: 0 | G66: 575 | H66: 658.33333 | I66: 891.66667 | J66: 1679.1667 | K66: 2290 | L66: 3283.3333 | M66: {=LEFT(B66,SEARCH(" ",B66,SMALL(IF(MID(B66,ROW($1:$27),1)=" ",ROW($1:$27),""),2)))} -> Digifile 4
B67: Digifile 3 faces quadri sans livret avec CD rondelle quadri Cello Transport | C67: Digifile 3 faces sans livret | D67: 0 | E67: 0 | F67: 0 | G67: 491.66667 | H67: 706.66667 | I67: 825 | J67: 1333 | K67: 1458.3333 | L67: 2049.1667 | M67: {=LEFT(B67,SEARCH(" ",B67,SMALL(IF(MID(B67,ROW($1:$27),1)=" ",ROW($1:$27),""),2)))} -> Digifile 3
B68: Digifile 3 faces quadri avec livret 4 faces avec CD rondelle quadri Cello Transport | C68: Digifile 3 faces CD | D68: 0 | E68: 0 | F68: 0 | G68: 575 | H68: 825 | I68: 933.33333 | J68: 1541.6667 | K68: 1641.6667 | L68: 2191.6667 | M68: {=LEFT(B68,SEARCH(" ",B68,SMALL(IF(MID(B68,ROW($1:$27),1)=" ",ROW($1:$27),""),2)))} -> Digifile 3
B69: Digifile 03 volets quadri + 1 livret 04 faces quadri + 1 CD rondelle quadri Cello Transport + 1 code barre offert (sur demande) | C69: Digifile 3 volets livret 4 faces CD code barre | D69: 0 | E69: 0 | F69: 0 | G69: 605 | H69: 623.33333 | I69: 959.16667 | J69: 1472.5 | K69: 1890 | L69: 2775 | M69: {=LEFT(B69,SEARCH(" ",B69,SMALL(IF(MID(B69,ROW($1:$27),1)=" ",ROW($1:$27),""),2)))} -> Digifile 03
B70: Digifile 03 volets quadri + 1 livret 06 faces quadri + 1 CD rondelle quadri + Cello Transport + 1 code barre offert (sur demande) | C70: Digifile 3 volets livret 6 faces CD code barre | D70: 0 | E70: 0 | F70: 0 | G70: 610 | H70: 629.16667 | I70: 969.16667 | J70: 1490 | K70: 1916.6667 | L70: 2791.6667 | M70: {=LEFT(B70,SEARCH(" ",B70,SMALL(IF(MID(B70,ROW($1:$27),1)=" ",ROW($1:$27),""),2)))} -> Digifile 03
B71: Digifile 03 volets quadri + 1 livret 08 faces quadri + 1 CD rondelle quadri Cello Transport + 1 code barre offert (sur demande) | C71: Digifile 3 volets livret 8 faces CD code barre | D71: 0 | E71: 0 | F71: 0 | G71: 623.33333 | H71: 642.5 | I71: 994.16667 | J71: 1534.1667 | K71: 2040 | L71: 2940 | M71: {=LEFT(B71,SEARCH(" ",B71,SMALL(IF(MID(B71,ROW($1:$27),1)=" ",ROW($1:$27),""),2)))} -> Digifile 03
B72: Digifile 03 volets quadri + 1 livret 12 faces quadri + 1 CD rondelle quadri + Cello Transport + 1 code barre offert (sur demande) | C72: Digifile 3 volets livret 12 faces CD code barre | D72: 0 | E72: 0 | F72: 0 | G72: 637.5 | H72: 656.66667 | I72: 1020 | J72: 1575 | K72: 2112.5 | L72: 2985 | M72: {=LEFT(B72,SEARCH(" ",B72,SMALL(IF(MID(B72,ROW($1:$27),1)=" ",ROW($1:$27),""),2)))} -> Digifile 03
B73: Digifile 03 volets quadri + 1 livret 16 faces quadri + 1 CD rondelle quadri + Cello Transport + 1 code barre offert (sur demande) | C73: Digifile 3 volets livret 16 faces CD code barre | D73: 0 | E73: 0 | F73: 0 | G73: 668.33333 | H73: 687.5 | I73: 1076.6667 | J73: 1688.3333 | K73: 2253.3333 | L73: 3175 | M73: {=LEFT(B73,SEARCH(" ",B73,SMALL(IF(MID(B73,ROW($1:$27),1)=" ",ROW($1:$27),""),2)))} -> Digifile 03
B74: Digisleeve insertion intérieure + 4 faces quadri + CD + Cello Transport | C74: Digisleeve insertion intérieure + 4 faces quadri + CD + Cello Transport | D74: 0 | E74: 0 | F74: 0 | G74: 483.33333 | H74: 516.66667 | I74: 700 | J74: 1215.8333 | K74: 1685 | L74: 2416.6667 | M74: {=LEFT(B74,SEARCH(" ",B74,SMALL(IF(MID(B74,ROW($1:$27),1)=" ",ROW($1:$27),""),2)))} -> Digisleeve insertion | N74: à vérifier références identiques
B75: Digisleeve insertion extérieure + 4 faces quadri + CD + Cello Transport | C75: Digisleeve insertion intérieure + 4 faces quadri + CD + Cello Transport | D75: 0 | E75: 0 | F75: 0 | G75: 483.33333 | H75: 516.66667 | I75: 700 | J75: 908.33333 | K75: 1215.8333 | L75: 1741.6667 | M75: {=LEFT(B75,SEARCH(" ",B75,SMALL(IF(MID(B75,ROW($1:$27),1)=" ",ROW($1:$27),""),2)))} -> Digisleeve insertion | N75: à vérifier références identiques
B76: Digisleeve 2 volets quadri + 1 livret 4 faces quadri + 1 CD avec rondelle quadri Cello Transport + 1 code barre offert (sur demande) | C76: Digisleeve 2 volets quadri + 1 livret 4 faces + CD + code barre | D76: 0 | E76: 0 | F76: 0 | G76: 550 | H76: 570.83333 | I76: 832.5 | J76: 1125 | K76: 1458.3333 | L76: 2000 | M76: {=LEFT(B76,SEARCH(" ",B76,SMALL(IF(MID(B76,ROW($1:$27),1)=" ",ROW($1:$27),""),2)))} -> Digisleeve 2
B77: Digisleeve 2 volets quadri + 1 livret 6 faces quadri + 1 CD avec rondelle quadri Cello Transport + 1 code barre offert (sur demande) | C77: Digisleeve 2 volets quadri + 1 livret 6 faces + CD + code barre | D77: 0 | E77: 0 | F77: 0 | G77: 587.5 | H77: 620.83333 | I77: 922.5 | J77: 1393.3333 | K77: 2476.6667 | L77: 4022.5 | M77: {=LEFT(B77,SEARCH(" ",B77,SMALL(IF(MID(B77,ROW($1:$27),1)=" ",ROW($1:$27),""),2)))} -> Digisleeve 2
A78: P8 | B78: Digisleeve 2 volets quadri + 1 livret 8 faces quadri + 1 CD avec rondelle quadri Cello Transport + 1 code barre offert (sur demande) | C78: Digisleeve 2 volets quadri + 1 livret 8 faces + CD + code barre | D78: 0 | E78: 0 | F78: 0 | G78: 640 | H78: 723.33333 | I78: 1048.3333 | J78: 1448.3333 | K78: 2635.8333 | L78: 4237.5 | M78: {=LEFT(B78,SEARCH(" ",B78,SMALL(IF(MID(B78,ROW($1:$27),1)=" ",ROW($1:$27),""),2)))} -> Digisleeve 2
B79: Digisleeve 2 volets quadri + 1 livret 12 faces quadri + 1 CD avec rondelle quadri Cello Transport + 1 code barre offert (sur demande) | C79: Digisleeve 2 volets quadri + 1 livret 12 faces + CD + code barre | D79: 0 | E79: 0 | F79: 0 | G79: 675 | H79: 758.33333 | I79: 1075 | J79: 1486.6667 | K79: 2675 | L79: 4329.1667 | M79: {=LEFT(B79,SEARCH(" ",B79,SMALL(IF(MID(B79,ROW($1:$27),1)=" ",ROW($1:$27),""),2)))} -> Digisleeve 2
B80: Digisleeve 4 faces quadri + 2 CDS rondelle quadri Cello Transport | C80: Digisleeve 4 faces + 2 CDS | D80: 0 | E80: 0 | F80: 0 | G80: 575 | H80: 658.33333 | I80: 891.66667 | J80: 1679.1667 | K80: 2290 | L80: 3283.3333 | M80: {=LEFT(B80,SEARCH(" ",B80,SMALL(IF(MID(B80,ROW($1:$27),1)=" ",ROW($1:$27),""),2)))} -> Digisleeve 4
B81: Digisleeve 2 volets quadri + 1 livret 16 faces quadri + 1 CD avec rondelle quadri Cello Transport + 1 code barre offert (sur demande) | C81: Digisleeve 2 volets + livret 16 faces + CD + code barre offert | D81: 0 | E81: 0 | F81: 0 | G81: 646.66667 | H81: 665.83333 | I81: 1029.1667 | J81: 1590 | K81: 2866.6667 | L81: 4511.6667 | M81: {=LEFT(B81,SEARCH(" ",B81,SMALL(IF(MID(B81,ROW($1:$27),1)=" ",ROW($1:$27),""),2)))} -> Digisleeve 2
B82: Digisleeve 2 volets quadri + 1 livret 20 faces quadri + 1 CD avec rondelle quadri Cello Transport + 1 code barre offert (sur demande) | C82: Digisleeve 2 volets + livret 20 faces + CD + code barre offert | D82: 0 | E82: 0 | F82: 0 | G82: 658.33333 | H82: 677.5 | I82: 1063.3333 | J82: 1633.3333 | K82: 2934.1667 | L82: 4704.1667 | M82: {=LEFT(B82,SEARCH(" ",B82,SMALL(IF(MID(B82,ROW($1:$27),1)=" ",ROW($1:$27),""),2)))} -> Digisleeve 2
B83: Digisleeve 3 volets quadri + CD avec rondelle quadri Cello Transport | C83: Digisleeve 3 volets + CD | D83: 0 | E83: 0 | F83: 0 | G83: 494.16667 | H83: 577.5 | I83: 848.33333 | J83: 1258.3333 | K83: 1637.5 | L83: 2400 | M83: {=LEFT(B83,SEARCH(" ",B83,SMALL(IF(MID(B83,ROW($1:$27),1)=" ",ROW($1:$27),""),2)))} -> Digisleeve 3
B84: Digisleeve 3 volets + 1 livret 4 faces quadri + 1 CD avec rondelle quadri Cello Transport + 1 code barre offert (sur demande) | C84: Digisleeve 3 volets + livret 4 faces + CD + code barre offert | D84: 0 | E84: 0 | F84: 0 | G84: 605 | H84: 623.33333 | I84: 959.16667 | J84: 1472.5 | K84: 1890 | L84: 2775 | M84: {=LEFT(B84,SEARCH(" ",B84,SMALL(IF(MID(B84,ROW($1:$27),1)=" ",ROW($1:$27),""),2)))} -> Digisleeve 3
B85: Digisleeve 3 volets + 1 livret 6 faces quadri + 1 CD avec rondelle quadri Cello Transport + 1 code barre offert (sur demande) | C85: Digisleeve 3 volets + livret 6 faces + CD + code barre offert | D85: 0 | E85: 0 | F85: 0 | G85: 610 | H85: 629.16667 | I85: 969.16667 | J85: 1490 | K85: 1916.6667 | L85: 2791.6667 | M85: {=LEFT(B85,SEARCH(" ",B85,SMALL(IF(MID(B85,ROW($1:$27),1)=" ",ROW($1:$27),""),2)))} -> Digisleeve 3
B86: Digisleeve 3 volets + 1 livret 8 faces quadri + 1 CD avec rondelle quadri Cello Transport + 1 code barre offert (sur demande) | C86: Digisleeve 3 volets + livret 8 faces + CD + code barre offert | D86: 0 | E86: 0 | F86: 0 | G86: 623.33333 | H86: 642.5 | I86: 994.16667 | J86: 1534.1667 | K86: 2040 | L86: 2940 | M86: {=LEFT(B86,SEARCH(" ",B86,SMALL(IF(MID(B86,ROW($1:$27),1)=" ",ROW($1:$27),""),2)))} -> Digisleeve 3
B87: Digisleeve 3 volets quadri + 1 livret 12 faces quadri + 1 CD avec rondelle quadri Cello Transport + 1 code barre offert (sur demande) | C87: Digisleeve 3 volets + livret 12 faces + CD + code barre offert | D87: 0 | E87: 0 | F87: 0 | G87: 637.5 | H87: 656.66667 | I87: 1020 | J87: 1524.1667 | K87: 2112.5 | L87: 2985 | M87: {=LEFT(B87,SEARCH(" ",B87,SMALL(IF(MID(B87,ROW($1:$27),1)=" ",ROW($1:$27),""),2)))} -> Digisleeve 3
B88: Digisleeve 3 volets + 1 livret 16 faces quadri + 1 CD avec rondelle quadri Cello Transport + 1 code barre offert (sur demande) | C88: Digisleeve 3 volets + livret 16 faces + CD + code barre offert | D88: 0 | E88: 0 | F88: 0 | G88: 668.33333 | H88: 687.5 | I88: 1076.6667 | J88: 1688.3333 | K88: 2253.3333 | L88: 3175 | M88: {=LEFT(B88,SEARCH(" ",B88,SMALL(IF(MID(B88,ROW($1:$27),1)=" ",ROW($1:$27),""),2)))} -> Digisleeve 3
B89: Digisleeve 4 faces quadri + 2 CDS avec rondelle quadri Cello Transport + 1 code barre offert (sur demande) | C89: Digisleeve 4 volets + 2 CDS + code barre offert | D89: 0 | E89: 0 | F89: 0 | G89: 575 | H89: 658.33333 | I89: 891.66667 | J89: 1679.1667 | K89: 2290 | L89: 3283.3333 | M89: {=LEFT(B89,SEARCH(" ",B89,SMALL(IF(MID(B89,ROW($1:$27),1)=" ",ROW($1:$27),""),2)))} -> Digisleeve 4
A90: P9 | B90: DVD5 avec rondelle quadri + boitier noir ou transparent et jacquette 4/4 Cello Transport | C90: DVD5 boitier noir ou transparent | D90: 0 | E90: 0 | F90: 0 | G90: 400 | H90: 445.83333 | I90: 752.5 | J90: 1192.5 | K90: 1462.5 | L90: 2500 | M90: {=LEFT(B90,SEARCH(" ",B90,SMALL(IF(MID(B90,ROW($1:$27),1)=" ",ROW($1:$27),""),2)))} -> DVD5 avec
B91: DVD5 avec rondelle quadri + boitier transparent et jacquette 4/4 Cello Transport | C91: DVD5 boitier transparent | D91: 0 | E91: 0 | F91: 0 | G91: 465.83333 | H91: 504.16667 | I91: 825 | J91: 1354.1667 | K91: 1768.3333 | L91: 2885.8333 | M91: {=LEFT(B91,SEARCH(" ",B91,SMALL(IF(MID(B91,ROW($1:$27),1)=" ",ROW($1:$27),""),2)))} -> DVD5 avec
B92: DVD5 avec rondelle quadri + boitier noir ou transparent et jacquette 4/4 + livret 6 faces 4/4 Cello Transport | C92: DVD5 boitier noir ou transparent + livret 6 faces | D92: 0 | E92: 0 | F92: 0 | G92: 499.16667 | H92: 535.83333 | I92: 880 | J92: 1445.8333 | K92: 1858.3333 | L92: 3058.3333 | M92: {=LEFT(B92,SEARCH(" ",B92,SMALL(IF(MID(B92,ROW($1:$27),1)=" ",ROW($1:$27),""),2)))} -> DVD5 avec
B93: DVD5 avec rondelle quadri + boitier noir ou transparent et jacquette 4/4 + livret 8 faces 4/4 Cello Transport | C93: DVD5 boitier noir ou transparent + livret 8 faces | D93: 0 | E93: 0 | F93: 0 | G93: 529.16667 | H93: 560 | I93: 910.83333 | J93: 1474.1667 | K93: 1790.8333 | L93: 2900 | M93: {=LEFT(B93,SEARCH(" ",B93,SMALL(IF(MID(B93,ROW($1:$27),1)=" ",ROW($1:$27),""),2)))} -> DVD5 avec
B94: DVD5 avec rondelle quadri + boitier noir ou transparent et jacquette 4/4 + livret 12 faces 4/4 Cello Transport | C94: DVD5 boitier noir ou transparent + livret 12 faces | D94: 0 | E94: 0 | F94: 0 | G94: 551.66667 | H94: 584.16667 | I94: 952.5 | J94: 1547.5 | K94: 1935 | L94: 3110 | M94: {=LEFT(B94,SEARCH(" ",B94,SMALL(IF(MID(B94,ROW($1:$27),1)=" ",ROW($1:$27),""),2)))} -> DVD5 avec
B95: DVD5 avec rondelle quadri + boitier noir ou transparent et jacquette 4/4 + livret 16 faces 4/4 Cello Transport | C95: DVD5 boitier noir ou transparent + livret 16 faces | D95: 0 | E95: 0 | F95: 0 | G95: 583.33333 | H95: 621.66667 | I95: 1025 | J95: 1760 | K95: 3002.5 | L95: 3375 | M95: {=LEFT(B95,SEARCH(" ",B95,SMALL(IF(MID(B95,ROW($1:$27),1)=" ",ROW($1:$27),""),2)))} -> DVD5 avec
B96: DVD9 avec rondelle quadri + boitier noir ou transparent et jacquette 4/4 Cello Transport | C96: DVD9 boitier noir ou transparent | D96: 0 | E96: 0 | F96: 0 | G96: 400 | H96: 445.83333 | I96: 752.5 | J96: 1192.5 | K96: 1462.5 | L96: 2500 | M96: {=LEFT(B96,SEARCH(" ",B96,SMALL(IF(MID(B96,ROW($1:$27),1)=" ",ROW($1:$27),""),2)))} -> DVD9 avec
B97: DVD9 avec rondelle quadri + boitier noir ou transparent et jacquette 4/4 + livret 4 faces 4/4 Cello Transport | C97: DVD9 boitier noir ou transparent + livret 4 faces | D97: 0 | E97: 0 | F97: 0 | G97: 465.83333 | H97: 504.16667 | I97: 825 | J97: 1354.1667 | K97: 1768.3333 | L97: 2885.8333 | M97: {=LEFT(B97,SEARCH(" ",B97,SMALL(IF(MID(B97,ROW($1:$27),1)=" ",ROW($1:$27),""),2)))} -> DVD9 avec
B98: DVD9 avec rondelle quadri + boitier noir ou transparent et jacquette 4/4 + livret 6 faces 4/4 Cello Transport | C98: DVD9 boitier noir ou transparent + livret 6 faces | D98: 0 | E98: 0 | F98: 0 | G98: 499.16667 | H98: 535.83333 | I98: 880 | J98: 1445.8333 | K98: 1858.3333 | L98: 3058.3333 | M98: {=LEFT(B98,SEARCH(" ",B98,SMALL(IF(MID(B98,ROW($1:$27),1)=" ",ROW($1:$27),""),2)))} -> DVD9 avec
B99: DVD9 avec rondelle quadri + boitier noir ou transparent et jacquette 4/4 + livret 8 faces 4/4 Cello Transport | C99: DVD9 boitier noir ou transparent + livret 8 faces | D99: 0 | E99: 0 | F99: 0 | G99: 529.16667 | H99: 560 | I99: 910.83333 | J99: 1474.1667 | K99: 1790.8333 | L99: 2900 | M99: {=LEFT(B99,SEARCH(" ",B99,SMALL(IF(MID(B99,ROW($1:$27),1)=" ",ROW($1:$27),""),2)))} -> DVD9 avec
B100: DVD9 avec rondelle quadri + boitier noir ou transparent et jacquette 4/4 + livret 12 faces 4/4 Cello Transport | C100: DVD9 boitier noir ou transparent + livret 12 faces | D100: 0 | E100: 0 | F100: 0 | G100: 551.66667 | H100: 584.16667 | I100: 952.5 | J100: 1547.5 | K100: 1935 | L100: 3110 | M100: {=LEFT(B100,SEARCH(" ",B100,SMALL(IF(MID(B100,ROW($1:$27),1)=" ",ROW($1:$27),""),2)))} -> DVD9 avec
B101: DVD9 avec rondelle quadri + boitier noir ou transparent et jacquette 4/4 + livret 16 faces 4/4 Cello Transport | C101: DVD9 boitier noir ou transparent + livret 16 faces | D101: 0 | E101: 0 | F101: 0 | G101: 583.33333 | H101: 621.66667 | I101: 1025 | J101: 1760 | K101: 2169.1667 | L101: 3375 | M101: {=LEFT(B101,SEARCH(" ",B101,SMALL(IF(MID(B101,ROW($1:$27),1)=" ",ROW($1:$27),""),2)))} -> DVD9 avec
A102: P10 | B102: DIGIPACK 2 VOLETS Format DVD 4/0 sans livret avec CD Cellophanage Glassmastering Transport | C102: DIGIPACK 2 VOLETS Format DVD sans livret | D102: 0 | E102: 0 | F102: 0 | G102: 571.66667 | H102: 604.16667 | I102: 910 | J102: 1391.6667 | K102: 1825 | L102: 2610 | M102: {=LEFT(B102,SEARCH(" ",B102,SMALL(IF(MID(B102,ROW($1:$27),1)=" ",ROW($1:$27),""),2)))} -> DIGIPACK 2
B103: DIGIPACK 2 VOLETS Format DVD 4/0 livret 4 faces avec CD Cellophanage Glassmastering Transport | C103: DIGIPACK 2 VOLETS Format DVD livret 4 faces | D103: 0 | E103: 0 | F103: 0 | G103: 627.5 | H103: 665.83333 | I103: 1026.6667 | J103: 1611.6667 | K103: 2218.3333 | L103: 3146.6667 | M103: {=LEFT(B103,SEARCH(" ",B103,SMALL(IF(MID(B103,ROW($1:$27),1)=" ",ROW($1:$27),""),2)))} -> DIGIPACK 2
B104: DIGIPACK 2 VOLETS Format DVD 4/0 livret 6 faces pli roulé avec CD Cellophanage Glassmastering Transport | C104: DIGIPACK 2 VOLETS Format DVD livret 6 faces avec CD | D104: 0 | E104: 0 | F104: 0 | G104: 658.33333 | H104: 697.5 | I104: 1083.3333 | J104: 1715.8333 | K104: 2225 | L104: 3166.6667 | M104: {=LEFT(B104,SEARCH(" ",B104,SMALL(IF(MID(B104,ROW($1:$27),1)=" ",ROW($1:$27),""),2)))} -> DIGIPACK 2
B105: DIGIPACK 2 VOLETS Format DVD 4/0 livret 8 faces avec CD Cellophanage Glassmastering Transport | C105: DIGIPACK 2 VOLETS Format DVD livret 8 faces avec CD | D105: 0 | E105: 0 | F105: 0 | G105: 665.83333 | H105: 705 | I105: 1098.3333 | J105: 1743.3333 | K105: 2251.6667 | L105: 3170.8333 | M105: {=LEFT(B105,SEARCH(" ",B105,SMALL(IF(MID(B105,ROW($1:$27),1)=" ",ROW($1:$27),""),2)))} -> DIGIPACK 2
B106: DIGIPACK 2 VOLETS Format DVD 4/0 livret 12 faces avec CD Cellophanage Glassmastering Transport | C106: DIGIPACK 2 VOLETS Format DVD livret 12 faces avec CD | D106: 0 | E106: 0 | F106: 0 | G106: 688.33333 | H106: 727.5 | I106: 1139.1667 | J106: 1819.1667 | K106: 2395 | L106: 3377.5 | M106: {=LEFT(B106,SEARCH(" ",B106,SMALL(IF(MID(B106,ROW($1:$27),1)=" ",ROW($1:$27),""),2)))} -> DIGIPACK 2
B107: DIGIPACK 2 VOLETS Format DVD 4/0 livret 16 faces avec CD Cellophanage Glassmastering Transport | C107: DIGIPACK 2 VOLETS Format DVD livret 16 faces avec CD | D107: 0 | E107: 0 | F107: 0 | G107: 728.33333 | H107: 767.5 | I107: 1213.3333 | J107: 1954.1667 | K107: 2485.8333 | L107: 3436.6667 | M107: {=LEFT(B107,SEARCH(" ",B107,SMALL(IF(MID(B107,ROW($1:$27),1)=" ",ROW($1:$27),""),2)))} -> DIGIPACK 2
B108: DIGIPACK 2 VOLETS Format DVD 4/0 sans livret avec DVD5 ou DVD9 Cellophanage Glassmastering Transport | C108: DIGIPACK 2 VOLETS Format DVD sans livret DVD5 ou 9 | D108: 0 | E108: 0 | F108: 0 | G108: 601.66667 | H108: 635 | I108: 965 | J108: 1491.6667 | K108: 1944.1667 | L108: 2860.8333 | M108: {=LEFT(B108,SEARCH(" ",B108,SMALL(IF(MID(B108,ROW($1:$27),1)=" ",ROW($1:$27),""),2)))} -> DIGIPACK 2
B109: DIGIPACK 2 VOLETS Format DVD 4/0 livret 4 faces avec DVD5 ou DVD9 Cellophanage Glassmastering Transport | C109: DIGIPACK 2 VOLETS Format DVD livret 4 faces DVD5 ou 9 | D109: 0 | E109: 0 | F109: 0 | G109: 657.5 | H109: 696.66667 | I109: 1081.6667 | J109: 1711.6667 | K109: 2338.3333 | L109: 3395.8333 | M109: {=LEFT(B109,SEARCH(" ",B109,SMALL(IF(MID(B109,ROW($1:$27),1)=" ",ROW($1:$27),""),2)))} -> DIGIPACK 2
B110: DIGIPACK 2 VOLETS Format DVD 4/0 livret 6 faces avec DVD5 ou DVD9 Cellophanage Glassmastering Transport | C110: DIGIPACK 2 VOLETS Format DVD livret 6 faces DVD5 ou 9 | D110: 0 | E110: 0 | F110: 0 | G110: 688.33333 | H110: 727.5 | I110: 1138.3333 | J110: 1816.6667 | K110: 2450 | L110: 3483.3333 | M110: {=LEFT(B110,SEARCH(" ",B110,SMALL(IF(MID(B110,ROW($1:$27),1)=" ",ROW($1:$27),""),2)))} -> DIGIPACK 2
B111: DIGIPACK 2 VOLETS Format DVD 4/0 livret 8 faces avec DVD5 ou DVD9 Cellophanage Glassmastering Transport | C111: DIGIPACK 2 VOLETS Format DVD livret 8 faces DVD5 ou 9 | D111: 0 | E111: 0 | F111: 0 | G111: 696.66667 | H111: 735 | I111: 1153.3333 | J111: 1843.3333 | K111: 2371.6667 | L111: 3575 | M111: {=LEFT(B111,SEARCH(" ",B111,SMALL(IF(MID(B111,ROW($1:$27),1)=" ",ROW($1:$27),""),2)))} -> DIGIPACK 2
B112: DIGIPACK 2 VOLETS Format DVD 4/0 livret 12 faces avec DVD5 ou DVD9 Cellophanage Glassmastering Transport | C112: DIGIPACK 2 VOLETS Format DVD livret 12 faces DVD5 ou 9 | D112: 0 | E112: 0 | F112: 0 | G112: 718.33333 | H112: 757.5 | I112: 1194.1667 | J112: 1919.1667 | K112: 2515 | L112: 3626.6667 | M112: {=LEFT(B112,SEARCH(" ",B112,SMALL(IF(MID(B112,ROW($1:$27),1)=" ",ROW($1:$27),""),2)))} -> DIGIPACK 2
B113: DIGIPACK 2 VOLETS Format DVD 4/0 livret 16 faces avec DVD5 ou DVD9 Cellophanage Glassmastering Transport | C113: DIGIPACK 2 VOLETS Format DVD livret 16 faces DVD5 ou 9 | D113: 0 | E113: 0 | F113: 0 | G113: 758.33333 | H113: 797.5 | I113: 1267.5 | J113: 2054.1667 | K113: 2605.8333 | L113: 3686.6667 | M113: {=LEFT(B113,SEARCH(" ",B113,SMALL(IF(MID(B113,ROW($1:$27),1)=" ",ROW($1:$27),""),2)))} -> DIGIPACK 2
A114: P11 | B114: DIGIPACK 3 VOLETS Format DVD 4/0 sans livret avec CD Cellophanage Glassmastering Transport | C114: Digipack 3 volets sans livret | D114: 0 | E114: 0 | F114: 0 | G114: 648.33333 | H114: 681.66667 | I114: 1050.8333 | J114: 1659.1667 | K114: 2212.5 | L114: 3225 | M114: {=LEFT(B114,SEARCH(" ",B114,SMALL(IF(MID(B114,ROW($1:$27),1)=" ",ROW($1:$27),""),2)))} -> DIGIPACK 3
B115: DIGIPACK 3 VOLETS Format DVD 4/0 livret 4 faces avec CD Cellophanage Glassmastering Transport | C115: Digipack 3 volets livret 4 faces | D115: 0 | E115: 0 | F115: 0 | G115: 704.16667 | H115: 743.33333 | I115: 1167.5 | J115: 1879.1667 | K115: 2606.6667 | L115: 3758.3333 | M115: {=LEFT(B115,SEARCH(" ",B115,SMALL(IF(MID(B115,ROW($1:$27),1)=" ",ROW($1:$27),""),2)))} -> DIGIPACK 3
B116: DIGIPACK 3 VOLETS Format DVD 4/0 livret 6 faces avec CD Cellophanage Glassmastering Transport | C116: Digipack 3 volets livret 6 faces | D116: 0 | E116: 0 | F116: 0 | G116: 735 | H116: 774.16667 | I116: 1225 | J116: 1983.3333 | K116: 2691.6667 | L116: 3875 | M116: {=LEFT(B116,SEARCH(" ",B116,SMALL(IF(MID(B116,ROW($1:$27),1)=" ",ROW($1:$27),""),2)))} -> DIGIPACK 3
...

Sheet devis
B3: article choix dans liste | C3: description choix dans liste | D3: description détaillé | E3: Quantité choix dans liste | F3: Prix unitaire | G3: Remise (montant en €) | H3: Total
B4: TARIFS PRESSAGE
B5: boitier cristal | C5: boitier cristal livret 16 faces | D5: =INDEX(colb,MATCH(devis!$C5,abrégé,0)) -> boitier cristal CD rondelle quadri + livret 16 faces quadri avec jacquette deux faces quadri et plateau transparent Cello transport | E5: 1000 | F5: =SUMPRODUCT((colj=B5)*(abrégé=C5)*(quantité=E5)*(tarif))/E5 -> 0.733 | G5: 0 | H5: =(F5-G5)*E5 -> 733
B6: Pochette cartonnée | C6: Pochette cartonnée CD | D6: =INDEX(colb,MATCH(devis!$C6,abrégé,0)) -> Pochette cartonnée CD | E6: 5000 | F6: =SUMPRODUCT((colj=B6)*(abrégé=C6)*(quantité=E6)*(tarif))/E6 -> 0.2966 | G6: 0 | H6: =(F6-G6)*E6 -> 1483
B7: Digifile 3 | C7: Digifile 3 faces sans livret | D7: =INDEX(colb,MATCH(devis!$C7,abrégé,0)) -> Digifile 3 faces quadri sans livret avec CD rondelle quadri Cello Transport | E7: 2000 | F7: =SUMPRODUCT((colj=B7)*(abrégé=C7)*(quantité=E7)*(tarif))/E7 -> 0.6665 | G7: 0 | H7: =(F7-G7)*E7 -> 1333
B8: DUPLICATION CDS
B9: DVD Jet | C9: CD en boitier SLIMBOX 2 faces | D9: =INDEX(colb,MATCH(devis!$C9,abrégé,0)) -> CD boitier SLIMBOX 2 faces quadri, rond de CD quadri | E9: 200 | F9: =SUMPRODUCT((colj=B9)*(abrégé=C9)*(quantité=E9)*(tarif))/E9 -> 0 | G9: 0 | H9: =(F9-G9)*E9 -> 0
B10: DUPLICATION CDS | D10: Transport, Cello et Vernis UV sur les disques offert
B11: DVD Jet | C11: DVD Jet d'encre boitier Amaray | D11: =INDEX(colb,MATCH(devis!$C11,abrégé,0)) -> DVD Jet d'encre boitier Amaray avec jacquette 4/4 + plateau transparent | E11: 50 | F11: =SUMPRODUCT((colj=B11)*(abrégé=C11)*(quantité=E11)*(tarif))/E11 -> 0 | G11: 0 | H11: =(F11-G11)*E11 -> 0
G12: Sous-total de facture | H12: =SUBTOTAL(109,devis!$H$5:$H$11) -> 3549
G13: Taux TVA | H13: 0.2
G14: TVA | H14: =(H12*(1+H13))-H12 -> 709.8
G15: Total | H15: =H12+H14 -> 4258.8
C17: =DECALER(dept;EQUIV(B7;colj;0);;NB.SI(colj;B7)) | F17: =SOMMEPROD((colj=B7)*(abrégé=C7)*(quantité=E7)*(tarif))/E7

Sheet param
A1: liste1
A2: {=OFFSET(tarifs!M$2,MATCH(0,COUNTIF(A$1:A1,colj),0),)} -> boitier cristal
A3: {=OFFSET(tarifs!M$2,MATCH(0,COUNTIF(A$1:A2,colj),0),)} -> MINT PACK
A4: {=OFFSET(tarifs!M$2,MATCH(0,COUNTIF(A$1:A3,colj),0),)} -> BOITIER DVD
A5: {=OFFSET(tarifs!M$2,MATCH(0,COUNTIF(A$1:A4,colj),0),)} -> CD superjewel
A6: {=OFFSET(tarifs!M$2,MATCH(0,COUNTIF(A$1:A5,colj),0),)} -> Pochette cartonnée
A7: {=OFFSET(tarifs!M$2,MATCH(0,COUNTIF(A$1:A6,colj),0),)} -> CD DVD
A8: {=OFFSET(tarifs!M$2,MATCH(0,COUNTIF(A$1:A7,colj),0),)} -> 4 CDS
A9: {=OFFSET(tarifs!M$2,MATCH(0,COUNTIF(A$1:A8,colj),0),)} -> CD RONDELLE
A10: {=OFFSET(tarifs!M$2,MATCH(0,COUNTIF(A$1:A9,colj),0),)} -> SPINDLE CDS
A11: {=OFFSET(tarifs!M$2,MATCH(0,COUNTIF(A$1:A10,colj),0),)} -> SPINDLE DVDS
A12: {=OFFSET(tarifs!M$2,MATCH(0,COUNTIF(A$1:A11,colj),0),)} -> Double CD
A13: {=OFFSET(tarifs!M$2,MATCH(0,COUNTIF(A$1:A12,colj),0),)} -> CD Slimbox
... A34: {=OFFSET(tarifs!M$2,MATCH(0,COUNTIF(A$1:A33,colj),0),)} -> #N/A
